 Dungeon Crawl Stone Soup version 0.30.0 (webtiles) character file.

Game seed: 14134662008207113876

515 catcat the Conjurer (level 7, -2/40 HPs)
             Began as a Deep Elf Air Elementalist on Sept 1, 2023.
             Killed by divine providence
             ... invoked by an orc priest
              (13 damage)
             ... on level 4 of the Dungeon.
             The game lasted 00:10:59 (3588 turns).

catcat the Conjurer (Deep Elf Air Elementalist)     Turns: 3588, Time: 00:10:59

Health: -2/40      AC:  5    Str:  8    XL:     7   Next: 0%
Magic:  1/15       EV: 13    Int: 22    God:
Gold:   149        SH:  0    Dex: 15    Spells: 4/14 levels left

rFire   . . .        B - +4 club
rCold   . . .        n - orb of Insecurity {light, Str+3}
rNeg    . . .        a - +0 robe
rPois   .            (no helmet)
rElec   .            c - +0 cloak
rCorr   .            z - +1 pair of gloves
SInv    .            (no boots)
Will    .....        (no amulet)
Stlth   +            (no ring)
HPRegen 0.26/turn    (no ring)
MPRegen 0.14/turn

%: no passive effects
@: swift, glowing, very quick
A: no striking features
a: no special abilities


You were on level 4 of the Dungeon.
You visited 1 branch of the dungeon, and saw 4 of its levels.

You collected 149 gold pieces.

Inventory:

Hand Weapons
 d - a +0 dagger
 f - a +1 dagger of holy wrath
 B - a +4 club (weapon)
Armour
 a - a +0 robe (worn)
 c - a +0 cloak (worn)
 n - the orb of Insecurity (worn) {light, Str+3}
   (You found it on level 2 of the Dungeon)

   Str:       It affects your strength (+3).
 z - a +1 pair of gloves (worn)
Jewellery
 y - a ring of ice
Wands
 t - a wand of light (4)
 A - a wand of paralysis (3)
Scrolls
 g - a scroll of teleportation
 h - a scroll of noise {unknown}
 i - a scroll of blinking {unknown}
 k - a scroll of fear {unknown}
 m - a scroll of fog {unknown}
 p - 2 scrolls of identify
 s - a scroll of enchant armour {unknown}
 v - a scroll of immolation {unknown}
 x - a scroll of enchant weapon {unknown}
Potions
 b - 2 potions of magic
 e - 2 potions of brilliance
 j - a potion of heal wounds {unknown}
 l - 2 potions of curing {unknown}
 o - a potion of cancellation {unknown}
 q - 2 potions of lignification {unknown}
 r - a potion of degeneration {unknown}
 u - a potion of mutation {unknown}
 w - a potion of berserk rage {unknown}


   Skills:
 - Level 2.0 Fighting
 + Level 3.4 Dodging
 - Level 2.4 Stealth
 - Level 4.0 Spellcasting
 * Level 5.5 Conjurations
 + Level 4.6 Air Magic


You had 4 spell levels left.
You knew the following spells:

 Your Spells              Type           Power      Damage    Failure   Level
a - Shock                 Conj/Air       100%       1d9       1%          1
b - Static Discharge      Conj/Air       52%        2-5/arc   1%          2
c - Swiftness             Air            24%        N/A       4%          3
d - Airstrike             Air            12%        2d(2-18)  17%         4

Your spell library contained the following spells:

 Spells                   Type           Power      Damage    Failure   Level
 Gell's Gravitas          Tloc           4%         N/A       32%         3
 Teleport Other           Tloc           4%         N/A       32%         3
 Dispersal                Tloc           2%         N/A       100%        6


Dungeon Overview and Level Annotations

Branches:
Dungeon (4/15)
 Temple: D:4-7

Altars:
Fedhas


Message History

The zap hits the orc.
The orc is almost dead.
The zap hits the phantom.
The phantom is severely damaged.
The zap hits the orc.
The orc is heavily wounded.
The zap hits the orc!
You kill the orc!
The orc priest invokes the aid of Beogh against you.
Beogh smites you!
The orc hits you with a +1 antimagic short sword.
Casting: Shock (safe; 1% risk of failure)
Confirm with . or Enter, or press ? or * to list all spells.
The orc is struck by an arc of lightning.
You kill the orc!
You are struck by an arc of lightning.
The phantom is struck by an arc of lightning.
The phantom is almost destroyed.
You are struck by an arc of lightning.
The lightning grounds out.
The phantom hits you.
The phantom blinks!
You blink.
Casting: Static Discharge (safe; 2% risk of failure)
Confirm with . or Enter, or press ? or * to list all spells.
Aiming: Shock (safe; 1% risk of failure)
Press: ? - help, Shift-Dir - straight line, f - orc
Aim: an orc, wielding a +3 dagger and wearing a +0 scale mail (heavily wounded, 77% to hit)
The zap hits the phantom.
You destroy the phantom!
The zap hits the orc.
You kill the orc!
You have reached level 7!
Your magical contamination has completely faded away.
The orc priest invokes the aid of Beogh against you.
Beogh smites you!
* * * LOW HITPOINT WARNING * * *
Casting: Shock (safe; 1% risk of failure)
Confirm with . or Enter, or press ? or * to list all spells.
You feel quick.
The orc priest invokes the aid of Beogh against you.
Beogh smites you!
You die...

#........# #.#
########.# #.# #[#
#.# ##.####.#
#.......# #..######
#.)# ##..##########
#####.....@.......
##...#...##########
##.....o..#
##.......#.#
####..(.......#
))).)........##
####.........#
##........#
##.......#


You could see an orc priest.

Vanquished Creatures
  A sky beast (D:3)
  A phantom (D:4)
  A scorpion (D:4)
  2 hounds (D:4)
  Ijyb (D:4)
  An iguana (D:4)
  8 gnolls
  2 adders
  2 worms
  3 dart slugs
  8 orcs
  8 endoplasms
  4 giant cockroaches
  5 goblins
  4 hobgoblins
  6 jackals
  A quokka (D:3)
  8 ball pythons
  4 bats
  2 frilled lizards
  4 kobolds
  3 rats
79 creatures vanquished.

Notes
Turn   | Place    | Note
-------+----------+-------------------------------------------
     0 | D:1      | catcat the Deep Elf Air Elementalist began the quest for
                  | the Orb.
     0 | D:1      | Reached XP level 1. HP: 10/10 MP: 6/6
   126 | D:1      | Reached XP level 2. HP: 15/15 MP: 4/8
   129 | D:1      | Learned a level 2 spell: Static Discharge
   406 | D:1      | Reached skill level 2 in Conjurations
   763 | D:1      | Reached XP level 3. HP: 19/19 MP: 6/9
  1277 | D:2      | Learned a level 3 spell: Swiftness
  1361 | D:2      | Identified the orb of Insecurity {light, Str+3}
  2045 | D:3      | Reached XP level 4. HP: 22/24 MP: 3/10
  2100 | D:3      | Found a blossoming altar of Fedhas.
  2126 | D:3      | Reached skill level 3 in Conjurations
  2251 | D:3      | Noticed a sky beast
  2378 | D:3      | Killed a sky beast
  2379 | D:3      | Reached skill level 1 in Fighting
  2379 | D:3      | Reached XP level 5. HP: 29/29 MP: 11/11
  2787 | D:3      | Reached skill level 4 in Conjurations
  2831 | D:3      | Learned a level 4 spell: Airstrike
  3134 | D:4      | Reached XP level 6. HP: 28/35 MP: 4/13
  3400 | D:4      | Noticed Ijyb
  3413 | D:4      | Killed Ijyb
  3501 | D:4      | Reached skill level 5 in Conjurations
  3576 | D:4      | Reached XP level 7. HP: 22/40 MP: 2/15
  3588 | D:4      | Killed from afar by an orc priest

Illustrated notes

Levels and vault maps discovered:
D:1:      mrwooster_arrival_statue_3, layout_basic, minmay_misc_feat_x
D:2:      layout_basic, minivault_4
D:3:      layout_loops_ring, fedhas_ov_isle_minmay, serial_bayou_crossing
D:4:      layout_loops_ring, uniq_ijyb

Skill      XL: |  1  2  3  4  5  6 |
---------------+-------------------+-----
Conjurations   | 2 3 4 5 |  5.5
Dodging        | 3 |  3.4
Fighting       | 1 2 |  2.0
Air Magic      | 4 |  4.6
Spellcasting   | 4 |  4.0
Stealth        | |  2.4

Action                     |  1- 3 |  4- 6 |  7- 9 || total
---------------------------+-------+-------+-------++-------
  Melee: Club              |       |     5 |       ||     5
   Cast: Shock             |    76 |    68 |       ||   144
         Static Discharge  |     8 |    10 |       ||    18
         Swiftness         |       |       |     1 ||     1
  Evoke: Wand              |       |     3 |       ||     3
    Use: Scroll            |     2 |       |       ||     2
 Armour: Robe              |     1 |     4 |       ||     5
  Dodge: Dodged            |    11 |    10 |       ||    21
